 Dungeon Crawl Stone Soup version 0.29-a0-384-g6960b1960d (webtiles) character file.

Game seed: 15652243531646194416

229 zeratav the Conjurer (level 6, 0/36 HPs)
             Began as an Octopode Conjurer on May 7, 2022.
             Was an Initiate of Gozag.
             Slain by Edmund
             ... wielding a +2 vorpal flail
              (4 damage)
             ... on level 4 of the Dungeon.
             The game lasted 00:07:55 (4537 turns).

zeratav the Conjurer (Octopode Conjurer)            Turns: 4537, Time: 00:07:56

Health: 0/36       AC:  1    Str:  6    XL:     6   Next: 3%
Magic:  11/11      EV: 13    Int: 23    God:    Gozag
Gold:   215        SH:  0    Dex: 10    Spells: 9/12 levels left

rFire   + . .      SeeInvis .   f - +1 dagger {short}
rCold   + . .      Faith    .   (no shield)
rNeg    . . .      Spirit   .   (helmet restricted)
rPois   +          Reflect  .   (no amulet)
rElec   +          Harm     .   e - ring of willpower
rCorr   +          Rampage  .   (no ring)
Will    +....                   (no ring)
Stlth   ++........              (no ring)
HPRegen 0.12/turn               (no ring)
MPRegen 0.12/turn               (no ring)
                                (no ring)
                                (no ring)

@: confused, brilliant, resistant, ambrosia-drunk
A: almost no armour, amphibious, 8 rings, camouflage 1, gelatinous body 1,
(nimble swimmer 1), tentacles
a: Renounce Religion, Potion Petition, Call Merchant, Bribe Branch


You were on level 4 of the Dungeon.
You worshipped Gozag.
Gozag was aware of your devotion.
You visited 2 branches of the dungeon, and saw 5 of its levels.

You collected 327 gold pieces.
You spent 14 gold pieces at shops.
You paid 98 gold pieces to Gozag.


Innate Abilities, Weirdness & Mutations

You cannot wear most types of armour.
You are amphibious.
You can wear up to eight rings at the same time.
Your skin changes colour to match your surroundings (Stealth+).
Your rubbery body absorbs attacks. (AC +1, EV +1)
((You are camouflaged when in or above water. (Stealth+)))
You have tentacles for arms and can constrict up to eight enemies at once.


   Skills:
 - Level 2.0 Dodging
 - Level 2.6 Stealth
 + Level 3.5 Spellcasting
 * Level 6.2 Conjurations


You had 9 spell levels left.
You knew the following spells:

 Your Spells              Type           Power      Damage    Failure   Level
a - Magic Dart            Conj           100%       1d8       1%          1
b - Searing Ray           Conj           98%        2d8       1%          2

Your spell library contained the following spells:

 Spells                   Type           Power      Damage    Failure   Level
 Dazzling Flash           Conj/Hex       54%        N/A       9%          3
 Fulminant Prism          Conj/Hex       13%        3d9       30%         4
 Iskenderun's Mystic Bla  Conj/Tloc      27%        2d7       30%         4

Inventory:

Hand Weapons
 f - a +1 dagger (weapon) {short}
   (You took it off a goblin on level 1 of the Dungeon)
Jewellery
 e - a ring of willpower (left tentacle)
   (You found it on level 3 of the Dungeon)
Potions
 a - a potion of magic
 b - a potion of might {unknown}
 c - 4 potions of resistance
 d - a potion of lignification {unknown}
 g - 2 potions of brilliance
 h - a potion of berserk rage {unknown}
 i - a potion of flight {unknown}
 k - a potion of ambrosia
 m - a potion of attraction {unknown}
 n - a potion of invisibility {unknown}
 o - 2 potions of curing {unknown}

Dungeon Overview and Level Annotations

Branches:
Dungeon (4/15)             Temple (1/1) D:4

Altars:
Cheibriados
Dithmenos
Elyvilon
Fedhas
Gozag
Hepliaklqana
Kikubaaqudgha
Makhleb
Nemelex Xobeh
Okawaru
Ru
Trog
Uskayaw
Vehumet
Wu Jian
Zin
The Shining One

Shops:
D:2 :   D:4 !*

Annotations:
D:2 Terence
D:4 Edmund

#..#.######...#.##...#
#..#.##.............##
#..#.##.###...#.##.##
#............##.##.#
#..#............##.#
#..####.###........#
#####..###...###.......#
#................#####.#
#.#........@@.##.# #.#
#...P._.P.#.....<# #.#
#...$.....#...#### #.#
#.###.##.##...########.##
#. #.##.##.............#
#.
#.##.####.#########.#####
# #+#.[.@...#
.........(... +.......#
.######∩.∩### ##.####.#
#.....#


You could see Edmund.


Message History

The magic dart hits the iguana.
You kill the iguana!
You can't see any susceptible monsters within range! (Use Z to cast anyway.)
You now have 206 gold pieces (gained 7).
You now have 208 gold pieces (gained 2).
You see here a potion of degeneration {!q@e2}.
A hound comes into view.
MP[+6]
Your mp is fully restored (10).
Memorise Searing Ray, consuming 2 spell levels and leaving 7?
You start memorising the spell.
You continue memorising. x2
You finish memorising.
Spell assigned to 'b'.
The hound barks!
Casting: Magic Dart (safe; 1% risk of failure)
Confirm with . or Enter, or press ? or * to list all spells.
Aiming: Searing Ray (safe; 1% risk of failure)
Press: ? - help, Shift-Dir - straight line The searing ray hits the hound! (Press . to maintain the ray.) MP[-2]
You lost 2 mp, and now have 8/10 mp.
The searing ray hits the hound!
You kill the hound!
Your Conjurations skill increases to level 6!
MP[-1]
You lost 1 mp, and now have 7/10 mp.
You start resting.
MP[+3]
Your mp is fully restored (10).
You now have 215 gold pieces (gained 7).
There is an escape hatch in the ceiling here.
You see here a +0 dagger {short}.
There is an entrance to Lyir's General Store here.
You open the door.
Found a burning altar of Makhleb.
There is an open door here.
There is an open door here.
Natasha, Servant of Life and Death comes into view.
The magic dart hits Natasha but does no damage.
Natasha hisses angrily.
Natasha mumbles some strange words.
MP[-1]
You lost 1 mp, and now have 9/10 mp.
The magic dart hits the iron imp.
Natasha casts a spell.
MP[-1]
You lost 1 mp, and now have 8/10 mp.
The magic dart hits the white imp.
Edmund shouts!
MP[-1]
You lost 1 mp, and now have 7/10 mp.
As you read the scroll labelled DEMONONITOE, it crumbles to dust.
It is a scroll of enchant weapon.
Your +0 dagger {short} glows red for a moment.
You closely miss Natasha. You grab Natasha.
You constrict Natasha, but do no damage.
Natasha claws you! The iron imp hits you!
* * * LOW HITPOINT WARNING * * *
The white imp hits the bush but does no damage.
HP[-18]
You take 18 damage, and now have 13/31 hp.
MASSIVE DAMAGE!! (PAUSE)
You hit Natasha. You squeeze Natasha. You constrict Natasha.
Natasha casts a spell.
The iron imp barely misses you.
The white imp hits the bush but does no damage.
MP[+1]
You hit Natasha. You squeeze Natasha! You constrict Natasha.
You kill Natasha!
You feel Natasha's spirit has finally been put to rest.
The iron imp disappears in a puff of smoke!
The white imp disappears in a puff of smoke! x2
You have reached level 6!
HP[+2]
You now have 36 max hp (+5).
You regained 2 hp, and now have 15/36 hp.
Edmund attacks as you move away! Edmund barely misses you.
Things that are here:
3 gold pieces; a glowing cyan potion
There is a bloodstained altar of Trog here.
HP[+1] MP[+1] Edmund attacks as you move away!
Edmund hits you with a +2 vorpal flail!
* * * LOW HITPOINT WARNING * * *
x2 Edmund says, "People accused me of being a cutpurse!"
HP[-15]
You take 15 damage, and now have 1/36 hp.
MASSIVE DAMAGE!! (PAUSE)
You aren't carrying any scrolls.
It was a potion of resistance.
You feel protected. Edmund completely misses you.
It was a potion of brilliance.
You feel clever all of a sudden. Edmund barely misses you.
It was a potion of ambrosia.
You are confused.
You feel invigorated. Edmund hits you with a +2 vorpal flail.
You die...
Your body crumbles into a pile of gold.

Skill      XL: |  1  2  3  4  5 |
---------------+----------------+-----
Conjurations   | 5 6 |  6.2
Spellcasting   | 3 |  3.5
Dodging        | |  2.0
Stealth        | |  2.6

Action                   |  1- 3 |  4- 6 || total
-------------------------+-------+-------++-------
Melee: Dagger            |    14 |    14 ||    28
       Constrict         |     3 |     3 ||     6
       Tentacles         |     1 |     4 ||     5
       Punch             |       |     1 ||     1
 Cast: Magic Dart        |    70 |    48 ||   118
       Searing Ray       |       |     1 ||     1
  Use: Scroll            |       |     5 ||     5
       Potion            |       |     3 ||     3
 Stab: Sleeping          |       |     1 ||     1
Armor: Skin              |     3 |       ||     3
Dodge: Dodged            |    14 |    15 ||    29

Levels and vault maps discovered:
D:1:      sevenhm_arrival_forest_fort_small_3, layout_loops_ring,
          kennysheep_pointless_box
D:2:      layout_loops_cross, serial_shops, shop, due_unseen_surprise,
          uniq_terence
D:3:      layout_loops_corners
D:4:      layout_loops_ring, mainiacjoe_overflow_tiny_flanked,
          lightli_temple_of_fire, yredelemnul_forgotten_temple_becter,
          minmay_temple_entry_wispy, serial_shops, kennysheep_mini,
          nicolae_shop_competitors_out_of_business, shop, minmay_cupped,
          uniq_edmund, uniq_natasha
Temple:   regret_index_temple_waves

Notes
Turn   | Place    | Note
-------+----------+-------------------------------------------
     0 | D:1      | zeratav the Octopode Conjurer began the quest for the Orb.
     0 | D:1      | Reached XP level 1. HP: 11/11 MP: 3/3
     0 | D:1      | magus.rc [v1.9.6]
   369 | D:1      | Reached XP level 2. HP: 17/17 MP: 1/5
  1295 | D:2      | Noticed Terence
  1438 | D:2      | Reached XP level 3. HP: 21/21 MP: 1/6
  1495 | D:2      | Found Ziarah's Book Emporium.
  2043 | D:2      | Reached skill level 5 in Conjurations
  2043 | D:2      | Reached XP level 4. HP: 24/27 MP: 1/8
  3431 | D:4      | Noticed Edmund
  3508 | D:4      | Found a bloodstained altar of Trog.
  3514 | D:4      | Reached skill level 3 in Spellcasting
  3554 | D:4      | Found a staircase to the Ecumenical Temple.
  3632 | D:4      | Noticed Natasha
  3639 | Temple   | Entered the Ecumenical Temple
  3739 | Temple   | Became a worshipper of Gozag Ym Sagoz the Greedy
  3870 | D:4      | Killed Natasha
  3871 | D:4      | Reached XP level 5. HP: 28/31 MP: 9/9
  3899 | D:4      | Noticed Natasha
  3904 | D:4      | Killed Natasha
  3947 | D:4      | Found Lyir's General Store.
  4029 | D:4      | Found Evvef's Distillery.
  4036 | D:4      | Bought a potion of degeneration for 14 gold pieces
  4272 | D:4      | Learned a level 2 spell: Searing Ray
  4276 | D:4      | Reached skill level 6 in Conjurations
  4459 | D:4      | Found a burning altar of Makhleb.
  4515 | D:4      | Noticed Natasha
  4525 | D:4      | Killed Natasha
  4526 | D:4      | Reached XP level 6. HP: 15/36 MP: 8/11
  4533 | D:4      | HP: 2/36 [Edmund/+2 vorpal flail (14)]
  4537 | D:4      | Slain by Edmund

Vanquished Creatures
  2 hounds
  Natasha (thrice) (D:4)
  An iguana (D:4)
  An adder (D:4)
  3 worms (D:2)
  A dart slug (D:1)
  An orc (D:3)
  5 bats
  4 endoplasms
  2 giant cockroaches
  5 goblins
  6 hobgoblins
  8 kobolds
  3 quokkas
  3 ball pythons
  2 frilled lizards (D:2)
  2 rats
52 creatures vanquished.

Table legend:
 A = Non-vault XP
 B = Vault XP
 C = Vault XP percentage of total XP
 D = Non-vault monster count
 E = Vault monster count
 F = Vault count percentage of total count
                 A         B        C        D         E       F
            +---------+---------+-------+---------+---------+-------
      Total |     257 |      71 |  21.6 |      50 |       2 |   3.8
            +---------+---------+-------+---------+---------+-------
        D:1 |      17 |       0 |   0.0 |       8 |       0 |   0.0
        D:2 |      89 |       0 |   0.0 |      23 |       0 |   0.0
        D:3 |      21 |       0 |   0.0 |      13 |       0 |   0.0
        D:4 |     130 |      71 |  35.3 |       6 |       2 |  25.0
            +---------+---------+-------+---------+---------+-------

Illustrated notes

Table legend:
 A = Kills in this place as a percentage of kills in entire the game.
 B = Kills by you in this place as a percentage of kills by you in the entire game.
 C = Kills by friends in this place as a percentage of kills by friends in the entire game.
 D = Other kills in this place as a percentage of other kills in the entire game.
 E = Experience gained in this place as a percentage of experience gained in the entire game.
 F = Experience gained in this place divided by the number of levels of this place that you have seen.
                   A       B       C       D       E      F
               +-------+-------+-------+-------+-------+----------------------
         Total | 100.0 | 100.0 |   N/A |   N/A | 100.0 |  65.6
       Dungeon | 100.0 | 100.0 |   N/A |   N/A | 100.0 |  82.0
               +-------+-------+-------+-------+-------+----------------------

Table legend: (Time is in decaauts)
 A = Elapsed time spent in this place.
 B = Non-inter-level travel time spent in this place.
 C = Inter-level travel time spent in this place.
 D = Time resting spent in this place.
 E = Time spent auto-exploring this place.
 F = Levels seen in this place.
 G = Mean time per level.
                   A        B        C        D        E       F      G
               +--------+--------+--------+--------+--------+-----+--------+
         Total |   4538 |   4251 |    287 |    254 |   3427 |   5 |  907.6 |
       Dungeon |   4424 |   4159 |    265 |    254 |   3346 |   4 | 1106.0 |
        Temple |    113 |     91 |     22 |      0 |     81 |   1 |  113.0 |
               +--------+--------+--------+--------+--------+-----+--------+

Top non-repeatable levels by time:
     D:2: 1395 daAuts
     D:3: 1136 daAuts
     D:1: 1011 daAuts
     D:4: 880 daAuts
  Temple: 113 daAuts
